 Dungeon Crawl Stone Soup version 0.30-a0-331-g8ab09dc110 (webtiles) character file.

Game seed: 12627640132526002156

8503 Pooter the Cleaver (level 11, 0/99 HPs)
             Began as a Minotaur Berserker on Oct 29, 2022.
             Was an Elder of Trog.
             Shot with a bolt by an orc warrior (2 damage)
             ... in a bailey.
             The game lasted 00:53:16 (10858 turns).

Pooter the Cleaver (Minotaur Berserker)            Turns: 10858, Time: 00:53:17

Health: 0/99       AC: 15    Str: 25    XL:     11   Next: 10%
Magic:  10/10      EV: 11    Int:  4    God:    Trog [****..]
Gold:   579        SH:  0    Dex: 11    Spells: 10/10 levels left

rFire   + . .      SeeInvis .    b - +2 arbalest (drain)
rCold   . . .      Faith    .    (shield currently unavailable)
rNeg    . . .      Spirit   .    j - +0 plate armour
rPois   .          Reflect  .    (helmet restricted)
rElec   .          Harm     .    r - +0 cloak
rCorr   .          Rampage  .    (no gloves)
Will    ++...                    u - +2 pair of boots
Stlth   ..........               (no amulet)
HPRegen 1.36/turn                F - ring of protection from fire
MPRegen 0.12/turn                e - +4 ring of evasion

@: strong-willed, regenerating, invisible
A: horns 2, retaliatory headbutt
a: Renounce Religion, Berserk, Trog's Hand, Brothers in Arms


You were in a bailey.
You worshipped Trog.
Trog was greatly pleased with you.
You visited 1 branch of the dungeon, and saw 10 of its levels.
You also visited: Bailey.

You collected 579 gold pieces.

Inventory:

Hand Weapons
 a - a +1 battleaxe of flaming
   (You took it off a wight on level 10 of the Dungeon)
 b - a +2 arbalest of draining (weapon)
   (You took it off an orc warrior on level 7 of the Dungeon)
 l - a +4 trident of venom
   (You took it off a gnoll sergeant on level 9 of the Dungeon)
 v - a +4 war axe
   (You took it off a wight on level 8 of the Dungeon)
 y - a +0 battleaxe
   (You took it off a wight on level 10 of the Dungeon)
 B - a +0 vorpal halberd
   (You took it off a gnoll on level 6 of the Dungeon)
 C - a +0 shortbow
   (You took it off a centaur on level 7 of the Dungeon)
Missiles
 o - 27 poisoned darts
 q - 7 boomerangs
 Q - 102 stones
Armour
 j - a +0 plate armour (worn)
   (You found it on level 6 of the Dungeon)
 r - a +0 cloak (worn)
   (You found it on level 1 of the Dungeon)
 u - a +2 pair of boots (worn)
   (You found it on level 5 of the Dungeon)
Jewellery
 e - a +4 ring of evasion (right hand)
   (You took it off a kobold on level 6 of the Dungeon)
 F - a ring of protection from fire (left hand)
   (You found it on level 1 of the Dungeon)
Wands
 f - a wand of flame (12)
   (You found it on level 6 of the Dungeon)
 z - a wand of mindburst (20)
   (You took it off an orc priest on level 6 of the Dungeon)
Scrolls
 c - a scroll of butterflies
 d - a scroll of poison {!r}
 g - a scroll of immolation {!r}
 i - a scroll of vulnerability {unknown}
 m - 4 scrolls of noise {!r}
 n - a scroll of fear
 p - 2 scrolls of blinking
 t - 3 scrolls of teleportation {@r4}
 w - a scroll of torment {!r}
Potions
 h - 6 potions of curing {@q1}
 k - a potion of haste {unknown}
 s - 2 potions of heal wounds {@q2}
 x - a potion of attraction {unknown}
 A - a potion of invisibility
 G - a potion of flight {unknown}


   Skills:
 + Level 10.0 Fighting
 * Level 13.5(13.8) Axes
 - Level 4.7(9.9) Polearms
 * Level 9.4 Ranged Weapons
 - Level 2.4 Armour
 - Level 2.1 Dodging
 - Level 4.6 Evocations


You had 10 spell levels left.
You didn't know any spells.
Your spell library was empty.

Dungeon Overview and Level Annotations

Branches:
Dungeon (10/15)            Temple (0/1) D:5            Lair (0/5) D:8
 Bailey (1/1)
    Orc: D:9-12

Altars:
Dithmenos
Elyvilon
Hepliaklqana
Okawaru
Sif Muna
Yredelemnul
The Shining One

Shops:
D:2 (   D:6 *

Annotations:
D:5 3 runed translucent doors, Iich's ghost, novice MiBe; Muataran's ghost, amateur MiFi; koil's ghost, amateur SpHu


Innate Abilities, Weirdness & Mutations

You have a pair of horns on your head.
You reflexively headbutt those who attack you in melee.


Message History

You are too injured to fight recklessly!
Fire: b) +2 arbalest (drain)
Aim: an orc warrior, wielding a +0 arbalest and wearing a +0 ring mail (severely wounded, unable to see you, 58% to hit)
You shoot a bolt. The bolt barely misses the orc warrior.
The bolt hits the orc!
You kill the orc!
Trog accepts your kill.
The orc warrior shoots a bolt.
The bolt barely misses you.
The orc warrior shoots a bolt.
The bolt barely misses you.
The orc warrior shoots a bolt.
The bolt hits you.
The orc shoots a bolt.
The bolt closely misses you.
The orc warrior shoots a bolt.
The bolt barely misses you.
Fire: b) +2 arbalest (drain)
Aim: an orc warrior, wielding a +0 arbalest and wearing a +0 ring mail (severely wounded, unable to see you, 58% to hit)
You shoot a bolt. The bolt misses the orc warrior.
The orc seems less drained.
The orc warrior shoots a bolt.
The bolt hits you!
* * * LOW HITPOINT WARNING * * *
The orc shoots a bolt.
The bolt hits you but does no damage.
The orc warrior shoots a bolt.
The bolt hits you.
* * * LOW HITPOINT WARNING * * *
The orc warrior shoots a bolt.
The bolt hits you but does no damage.
The orc warrior shoots a bolt.
The bolt barely misses you.
The orc shoots a bolt.
The bolt closely misses you.
The orc warrior shoots a bolt.
The bolt hits you.
* * * LOW HITPOINT WARNING * * *
The orc warrior shoots a bolt.
The bolt misses you.
Fire: b) +2 arbalest (drain)
Aim: an orc warrior, wielding a +0 arbalest and wearing a +0 ring mail (severely wounded, unable to see you, 58% to hit)
You shoot a bolt.
The bolt closely misses the orc warrior.
The orc warrior shoots a bolt.
The bolt misses you.
The orc warrior shoots a bolt.
The bolt hits you.
* * * LOW HITPOINT WARNING * * *
The orc warrior shoots a bolt.
The bolt closely misses you.
The orc warrior shoots a bolt.
The bolt closely misses you.
The orc shoots a bolt.
The bolt completely misses you.
The orc warrior shoots a bolt.
The bolt barely misses you.
Fire: b) +2 arbalest (drain)
Aim: an orc warrior, wielding a +0 arbalest and wearing a +0 ring mail (severely wounded, unable to see you, 58% to hit)
You shoot a bolt. The bolt hits the orc warrior.
The orc warrior shoots a bolt.
The bolt closely misses you.
The orc shoots a bolt.
The bolt hits you!
* * * LOW HITPOINT WARNING * * *
The orc warrior shoots a bolt.
The bolt barely misses you.
The orc warrior shoots a bolt.
The bolt hits you!
* * * LOW HITPOINT WARNING * * *
The orc warrior shoots a bolt.
The bolt hits you!
* * * LOW HITPOINT WARNING * * *
The orc warrior shoots a bolt.
The bolt hits you.
You die...

#.......)......##
#.............##
#.............#
#............##
#............#
#............#
#............#
#.....o......#
#.@.....o....#
#.......o.....
#......o.....
#......≈≈)≈≈
#.....≈≈#)#
#.....≈##.∩
#.....≈#
#.....≈##


You could see 3 orc warriors and an orc (unable to see you).

Vanquished Creatures
  A two-headed ogre (D:8)
  Pikel (D:7)
  Grinder (D:4)
  5 yaks (D:7)
  A shadow (D:9)
  2 steam dragons
  2 wargs (D:8)
  2 acid dragons
  Edmund (D:4)
  2 black bears
  5 orc warriors
  2 sky beasts
  4 ice beasts
  An ogre (D:4)
  A lemure (D:7)
  6 centaurs
  A phantom (D:4)
  2 kobold brigands
  Blork the orc (D:5)
  4 bullfrogs
  5 necrophages
  A gnoll sergeant (D:9)
  2 scorpions
  20 wights
  8 killer bees
  A howler monkey (D:9)
  A hound (D:5)
  A jelly (D:6)
  3 gnoll boudas
  10 orc priests
  6 iguanas
  10 orc wizards
  6 adders
  21 gnolls
  A white imp (D:5)
  An ufetubus (D:6)
  5 dart slugs
  28 orcs
  5 ball pythons
  4 bats
  5 endoplasms
  4 giant cockroaches
  13 goblins
  6 hobgoblins
  2 jackals (D:1)
  A quokka (D:1)
  6 frilled lizards
  15 kobolds
  6 rats (D:1)
242 creatures vanquished.

Vanquished Creatures (others)
  A sky beast (D:7)
  An orc (D:8)
  A plant (D:8)
  4 withered plants (D:5)
7 creatures vanquished.

Grand Total: 249 creatures vanquished

Notes
Turn   | Place    | Note
-------+----------+-------------------------------------------
     0 | D:1      | Pooter the Minotaur Berserker began the quest for the Orb.
     0 | D:1      | Reached XP level 1. HP: 19/19 MP: 0/0
   279 | D:1      | Reached skill level 4 in Axes
   378 | D:1      | Reached XP level 2. HP: 27/27 MP: 1/1
   722 | D:1      | Reached XP level 3. HP: 30/33 MP: 2/2
  1027 | D:2      | Found Hioggeum's Weapon Emporium.
  1184 | D:2      | Reached skill level 5 in Axes
  1275 | D:2      | Reached XP level 4. HP: 33/41 MP: 3/3
  1276 | D:2      | Reached ** piety under Trog
  1361 | D:2      | Found a white marble altar of Elyvilon.
  1465 | D:2      | Reached skill level 1 in Ranged Weapons
  2177 | D:3      | Found a faded altar of an unknown god.
  2611 | D:3      | Found a shadowy altar of Dithmenos.
  2902 | D:4      | Reached XP level 5. HP: 47/47 MP: 4/4
  2909 | D:4      | Reached skill level 1 in Polearms
  2918 | D:4      | Noticed an ogre
  2931 | D:4      | Killed an ogre
  2932 | D:4      | Reached skill level 5 in Fighting
  2932 | D:4      | Reached skill level 6 in Axes
  2993 | D:4      | Noticed a phantom
  3003 | D:4      | Killed a phantom
  3004 | D:4      | Reached XP level 6. HP: 56/56 MP: 5/5
  3586 | D:4      | Noticed Grinder
  3593 | D:4      | Killed Grinder
  3594 | D:4      | Reached skill level 7 in Axes
  3594 | D:4      | Reached XP level 7. HP: 62/62 MP: 6/6
  3825 | D:4      | Noticed Edmund
  3832 | D:4      | Killed Edmund
  3968 | D:5      | Entered Level 5 of the Dungeon
  4048 | D:5      | Reached skill level 8 in Axes
  4253 | D:5      | Found a staircase to the Ecumenical Temple.
  4316 | D:5      | Noticed Blork the orc
  4323 | D:5      | Killed Blork the orc
  4324 | D:5      | Reached XP level 8. HP: 71/71 MP: 7/7
  4395 | D:5      | Found a runed translucent gate.
  4396 | D:5      | Found a runed translucent gate.
  4396 | D:5      | Found a runed translucent gate.
  4397 | D:5      | Noticed Iich's ghost (novice MiBe)
  4402 | D:5      | Noticed Muataran's ghost (amateur MiFi)
  4423 | D:5      | Noticed koil's ghost (amateur SpHu)
  4541 | D:5      | Reached skill level 9 in Axes
  5147 | D:6      | Reached skill level 5 in Ranged Weapons
  5269 | D:5      | Reached skill level 10 in Axes
  5380 | D:6      | Reached XP level 9. HP: 79/79 MP: 8/8
  5469 | D:6      | Found Zicynt's Assorted Antiques.
  5698 | D:6      | Found a hazy altar of Hepliaklqana.
  5698 | D:6      | Found a basalt altar of Yredelemnul.
  5780 | D:6      | Reached skill level 1 in Evocations
  6178 | D:7      | Noticed Pikel
  6185 | D:7      | Killed Pikel
  6186 | D:7      | Reached skill level 11 in Axes
  6402 | D:7      | Reached *** piety under Trog
  6681 | D:7      | Reached XP level 10. HP: 80/90 MP: 9/9
  7282 | D:7      | Reached skill level 12 in Axes
  7669 | D:8      | Reached **** piety under Trog
  7778 | D:8      | Found a shimmering blue altar of Sif Muna.
  7957 | D:8      | Noticed a two-headed ogre
  7966 | D:8      | Killed a two-headed ogre
  8072 | D:8      | Found a glowing golden altar of the Shining One.
  8195 | D:8      | Reached skill level 13 in Axes
  8195 | D:8      | Found a staircase to the Lair.
  8571 | D:8      | Found an iron altar of Okawaru.
  9926 | D:9      | Reached XP level 11. HP: 99/99 MP: 10/10
 10241 | D:9      | Found a white marble altar of Elyvilon.
 10439 | D:10     | Entered Level 10 of the Dungeon
 10487 | D:10     | Found a flagged portal.
 10516 | Bailey   | Entered a bailey
 10534 | Bailey   | Reached skill level 10 in Fighting
 10858 | Bailey   | HP: 2/99 [orc warrior/bolt (8)]
 10858 | Bailey   | Shot with a bolt by an orc warrior

Illustrated notes

Levels and vault maps discovered:
D:1:      dpeg_arrival_oval, layout_loops_corners
D:2:      layout_basic, serial_shops,
          nicolae_shop_temple_entry_statues_fountains, basic_altar,
          minmay_hedge_maze
D:3:      layout_basic, mainiacjoe_overflow_catwalk,
          shapermc_ecumenical_altar_mp_vishouse
D:4:      layout_gridville, grunt_decor_cap, hangedman_decor_lopped,
          uniq_edmund, uniq_grinder
D:5:      layout_loops_ring, temple_doors_e, gammafunk_ghost_cemetery,
          uniq_blork_the_orc
D:6:      layout_cave_pools, nicolae_overflow_hidden_temple, serial_shops,
          nicolae_take_the_stairs
D:7:      layout_loops_ring, serial_rivers, chequers_serial_rivers_micro_e,
          chequers_serial_rivers_marsh, chequers_serial_rivers_large_b,
          chequers_serial_rivers_micro_b, chequers_serial_rivers_micro_e,
          serial_bayou_pond_e, grunt_decor_mini_mirrors, uniq_pikel
D:8:      layout_loops_cross, kennysheep_little_box,
          nicolae_sif_muna_condensation, general_overflow_altar,
          erik_lair_orcish_takeover, st_stairs_8
D:9:      layout_rooms, nicolae_elyvilon_peaceful_grove
D:10:     layout_basic, kennysheep_slug_shrine, mainiacjoe_overflow_boulevard,
          nicolae_wu_jian_wuxing_cycle, grunt_temple_overflow_champion_of_chaos,
          enter_bailey_5, abandoned_shop
Bailey:   bailey_polearm_2, bailey

Skill      XL: |  1  2  3  4  5  6  7  8  9 10 11 |
---------------+----------------------------------+-----
Axes           | 4 5 6 7 8 10 11 13 | 13.5
Fighting       | 4 5 6 7 8 9 10 | 10.0
Ranged Weapons | 1 2 3 5 7 9 |  9.4
Polearms       | 2 4 |  4.7
Evocations     | 3 4 |  4.6
Armour         | |  2.4
Dodging        | |  2.1

Action                   |  1- 3 |  4- 6 |  7- 9 | 10-12 || total
-------------------------+-------+-------+-------+-------++-------
Melee: Hand axe          |    82 |     2 |       |       ||    84
       Headbutt          |    11 |     7 |    27 |    17 ||    62
       Halberd           |       |    52 |    60 |       ||   112
       War axe           |       |       |    90 |    92 ||   182
       Punch             |       |       |     1 |     1 ||     2
       Battleaxe         |       |       |       |     6 ||     6
 Fire: Sling             |     2 |    25 |    98 |       ||   125
       Arbalest          |       |       |    23 |   144 ||   167
Throw: Stone             |       |     1 |       |       ||     1
       Dart              |       |       |     1 |       ||     1
Invok: Berserk           |     2 |     3 |     6 |     4 ||    15
       Trog's Hand       |       |     1 |     4 |     8 ||    13
Evoke: Wand              |       |       |       |     4 ||     4
  Use: Scroll            |     2 |     3 |    10 |     6 ||    21
       Potion            |       |     1 |       |     3 ||     4
Armor: Ring mail         |    36 |     9 |       |       ||    45
       Robe              |       |     2 |    31 |       ||    33
       Plate armour      |       |       |    42 |   114 ||   156
Dodge: Dodged            |    61 |    24 |   114 |   168 ||   367

Table legend: (Time is in decaauts)
 A = Elapsed time spent in this place.
 B = Non-inter-level travel time spent in this place.
 C = Inter-level travel time spent in this place.
 D = Time resting spent in this place.
 E = Time spent auto-exploring this place.
 F = Levels seen in this place.
 G = Mean time per level.
                   A        B        C        D        E       F      G
               +--------+--------+--------+--------+--------+-----+--------+
         Total |  11317 |  10326 |    991 |   2109 |   6266 |  11 | 1028.8 |
       Dungeon |  10957 |   9966 |    991 |   1821 |   6266 |  10 | 1095.7 |
        Bailey |    360 |    360 |      0 |    288 |      0 |   1 |  360.0 |
               +--------+--------+--------+--------+--------+-----+--------+

Top non-repeatable levels by time:
     D:7: 2455 daAuts
     D:5: 1383 daAuts
     D:8: 1369 daAuts
     D:4: 1151 daAuts
     D:2: 1020 daAuts
     D:1: 978 daAuts
     D:3: 885 daAuts
     D:9: 864 daAuts
     D:6: 760 daAuts
  Bailey: 360 daAuts
    D:10: 87 daAuts
